 Dungeon Crawl Stone Soup version 0.21.1-1-g345015f (webtiles) character file.

2262 tidbits the Shield-Bearer (level 9, 69/74 HPs)
             Began as a Gnoll Fighter on Mar 10, 2018.
             Quit the game on level 7 of the Dungeon.
             The game lasted 00:14:14 (1366 turns).

tidbits the Shield-Bearer (Gnoll Fighter)           Turns: 1366, Time: 00:14:14

Health: 69/74      AC: 12    Str: 18    XL:     9   Next: 38%
Magic:  15/15      EV: 15    Int: 13    God:
Gold:   246        SH: 11    Dex: 16    Spells: 13/16 levels left

rFire    + + .     SeeInvis .   a - +0 war axe
rCold    x . .     Gourm    .   D - +0 shield
rNeg     . . .     Faith    .   B - +0 fire dragon scales
rPois    .         Spirit   .   (no helmet)
rElec    .         Reflect  .   C - +0 cloak
rCorr    .         Harm     .   (no gloves)
MR       .....                  (no boots)
Stlth    +.........             y - amulet of inaccuracy (curse)
HPRegen  0.22/turn              V - +5 ring of evasion
MPRegen  0.14/turn              W - ring of wizardry

@: no status effects
A: distributed training, fangs 1, strong nose
a: no special abilities


You were on level 7 of the Dungeon.
You were not hungry.

You visited 1 branch of the dungeon, and saw 8 of its levels.

You collected 246 gold pieces.

Inventory:

Hand Weapons
 a - a +0 war axe (weapon)
 b - a +0 short sword
 d - a +0 dagger
 e - a +4 scythe of slicing
   (You took it off Sigmund on level 2 of the Dungeon)
 r - a +4 quarterstaff of chaos
   (You took it off Crazy Yiuf on level 6 of the Dungeon)
 s - a +2 mace of venom
   (You found it on level 6 of the Dungeon)
 t - a +2 flail of holy wrath
   (You took it off Edmund on level 6 of the Dungeon)
 u - a +0 rapier
Missiles
 j - 61 arrows
Armour
 g - a +0 scale mail
 h - a +2 robe
 k - a +1 leather armour of fire resistance
   (You found it on level 3 of the Dungeon)
 m - a +0 buckler
 B - +0 fire dragon scales (worn)
 C - a +0 cloak (worn)
 D - a +0 shield (worn)
Jewellery
 l - an uncursed amulet of rage
   (You found it on level 5 of the Dungeon)
 y - a cursed amulet of inaccuracy (around neck)
   (You found it on level 6 of the Dungeon)
 V - a +5 ring of evasion (left hand)
   (You found it on level 5 of the Dungeon)
 W - a ring of wizardry (right hand)
   (You found it on level 2 of the Dungeon)
Wands
 p - a wand of paralysis (13)
Scrolls
 f - a scroll of noise {unknown}
 n - a scroll of blinking {unknown}
 o - a scroll of identify {unknown}
 x - a scroll of enchant armour {unknown}
 z - a scroll of teleportation {unknown}
Potions
 q - a potion of mutation {unknown}
 v - a potion of curing
 w - a potion of heal wounds
Books
 i - a book of Geomancy
   (You found it on level 5 of the Dungeon)

   Spells                             Type                      Level
   a - Sandblast                      Earth                        1
   b - Passwall                       Transmutation/Earth          2
   c - Stone Arrow                    Conjuration/Earth            3
   d - Petrify                        Transmutation/Earth          4
   e - Lee's Rapid Deconstruction     Earth                        5
Comestibles
 c - 5 rations


   Skills:
 + Level 7.8 Fighting
 + Level 4.1 Short Blades
 + Level 4.1 Long Blades
 + Level 6.2 Axes
 + Level 4.1 Maces & Flails
 + Level 4.1 Polearms
 + Level 4.1 Staves
 + Level 4.1 Slings
 + Level 4.1 Bows
 + Level 4.1 Crossbows
 + Level 4.1 Throwing
 + Level 7.8 Armour
 + Level 4.1 Dodging
 + Level 4.1 Stealth
 + Level 7.8 Shields
 + Level 4.1 Unarmed Combat
 + Level 4.1 Spellcasting
 + Level 3.4 Conjurations
 + Level 3.4 Hexes
 + Level 3.4 Charms
 + Level 3.4 Summonings
 + Level 3.4 Necromancy
 + Level 3.4 Translocations
 + Level 3.4 Transmutations
 + Level 3.4 Fire Magic
 + Level 3.4 Ice Magic
 + Level 3.4 Air Magic
 + Level 3.4 Earth Magic
 + Level 3.4 Poison Magic
 + Level 4.5 Invocations
 + Level 4.1 Evocations


You had 13 spell levels left.
You knew the following spells:

 Your Spells              Type           Power        Failure   Level  Hunger
a - Sandblast             Erth           ##....       17%         1    None
p - Passwall              Tmut/Erth      ##........   26%         2    ##.....


Dungeon Overview and Level Annotations

Branches:
Dungeon (8/15)
 Temple: D:4-7         Lair: D:8-11

Altars:
Ashenzari
Nemelex Xobeh
Okawaru

Shops:
D:5 %

Annotations:
D:5 Menkaure


Innate Abilities, Weirdness & Mutations

Your experience applies equally to all skills.
You have very sharp teeth.
Your uncanny sense of smell can sniff out nearby items.


Message History

The bullfrog hits you but does no damage.
You block the bullfrog's attack.
Your shield and fire dragon scales prevent you from hitting the bullfrog.
The bullfrog hits you but does no damage.
You block the bullfrog's attack.
A worker ant zombie comes into view.
You miss the bullfrog.
The bullfrog hits you but does no damage.
You closely miss the bullfrog. You block the bullfrog's attack.
The bullfrog misses you.
You completely miss the bullfrog. You slash the worker ant zombie!
You block the bullfrog's attack. x2
The worker ant zombie closely misses you.
You closely miss the bullfrog.
You bite the bullfrog, but do no damage.
You slash the worker ant zombie!
The bullfrog hits you but does no damage.
The worker ant zombie misses you. The bullfrog hits you.
Your shield and fire dragon scales prevent you from hitting the bullfrog.
You hit the worker ant zombie but do no damage.
The bullfrog closely misses you.
You block the worker ant zombie's attack.
You block the bullfrog's attack.
You block the worker ant zombie's attack.
You hit the bullfrog.
The bullfrog is lightly wounded.
You slash the worker ant zombie!
You destroy the worker ant zombie!
The bullfrog barely misses you. You block the bullfrog's attack.
You closely miss the bullfrog.
The bullfrog is lightly wounded.
You block the bullfrog's attack.
You hit the bullfrog. Your bite misses the bullfrog.
The bullfrog is moderately wounded.
You block the bullfrog's attack. x2
You hit the bullfrog.
The bullfrog is heavily wounded.
The bullfrog hits you. The bullfrog barely misses you.
Your fire dragon scales prevents you from hitting the bullfrog.
The bullfrog is heavily wounded.
You block the bullfrog's attack. The bullfrog barely misses you.
You completely miss the bullfrog.
The bullfrog is heavily wounded.
You block the bullfrog's attack. The bullfrog hits you.
You miss the bullfrog.
The bullfrog is heavily wounded.
The bullfrog hits you.
You completely miss the bullfrog.
The bullfrog is heavily wounded.
You block the bullfrog's attack.
The bullfrog hits you but does no damage.
Your shield and fire dragon scales prevent you from hitting the bullfrog.
The bullfrog is heavily wounded.
The bullfrog hits you but does no damage.
The bullfrog hits you.
You miss the bullfrog. You bite the bullfrog.
The bullfrog is severely wounded.
The bullfrog misses you.
The bullfrog hits you but does no damage.
You hit the bullfrog.
The bullfrog is severely wounded.
You block the bullfrog's attack.
You closely miss the bullfrog. Your bite misses the bullfrog.
The bullfrog is severely wounded.
The bullfrog barely misses you. The bullfrog misses you.
You closely miss the bullfrog. Your bite misses the bullfrog.
The bullfrog is severely wounded.
You block the bullfrog's attack. The bullfrog closely misses you.
You closely miss the bullfrog.
The bullfrog is severely wounded.
The bullfrog misses you. The bullfrog barely misses you.
You miss the bullfrog.
The bullfrog is severely wounded.
You block the bullfrog's attack. The bullfrog closely misses you.
You barely miss the bullfrog.
The bullfrog is severely wounded.
The bullfrog closely misses you.
You completely miss the bullfrog. Your bite misses the bullfrog.
The bullfrog is severely wounded.
The bullfrog swells and bulges.
The bullfrog hits you but does no damage. x2
You miss the bullfrog.
The bullfrog is severely wounded.
The bullfrog hits you but does no damage.
The bullfrog hits you.
Your shield and fire dragon scales prevent you from hitting the bullfrog.
The bullfrog is heavily wounded.
You block the bullfrog's attack. The bullfrog closely misses you.
You hit the bullfrog.
The bullfrog is heavily wounded.
The bullfrog completely misses you. You block the bullfrog's attack.
You slash the bullfrog!
You kill the bullfrog!
Found a ring mail.
Found a stone staircase leading down.
Unknown command.
Found an escape hatch in the floor.
You see here a ring mail.
A yak comes into view.
Are you sure you want to abandon this character and quit the game? (Confirm with "yes".)

#Y.. ## ...
.# ∆ ...#.#
.... ## ..
#... .# ...
#..# .### #.
#.># .... #
#.@## ..# #
##..##.##
#......###
#....#...###
#.##..##...#
##.##.....#
##
#.....###.##
.###
##.[####
#..####....
####..##
#......# #


You could see a yak (wandering).

Vanquished Creatures
  The ghost of aMcNicky the Digger, a novice GrEE of Vehumet (D:6)
  Prince Ribbit (D:5)
  Grinder (D:5)
  A hippogriff (D:7)
  Sigmund (D:2)
  Edmund (D:6)
  Duvessa (D:6)
  An ogre (D:5)
  3 bullfrogs
  Dowan (D:6)
  3 scorpions
  A howler monkey (D:5)
  The ghost of letownia2 the Magician, a weakling MfWz (D:3)
  A crimson imp (D:6)
  Crazy Yiuf (D:6)
  An orc wizard (D:5)
  Jessica (D:3)
  An iguana (D:5)
  2 worker ants
  A worker ant zombie (D:7)
  5 adders
  An ooze (D:3)
  An adder zombie (D:5)
  A worm (D:2)
  5 leopard geckos
  4 orcs (D:5)
  A bat zombie (D:5)
  3 giant cockroaches
  3 goblins
  2 hobgoblins
  5 jackals
  A quokka (D:2)
  4 bats
  A frilled lizard (D:3)
  4 kobolds
  A leopard gecko zombie (D:5)
  2 rats
69 creatures vanquished.

Notes
Turn   | Place    | Note
-------+----------+-------------------------------------------
     0 | D:1      | tidbits the Gnoll Fighter began the quest for the Orb.
     0 | D:1      | Reached XP level 1. HP: 23/23 MP: 1/1
    67 | D:2      | Reached XP level 2. HP: 29/29 MP: 2/2
   121 | D:2      | Noticed Sigmund
   136 | D:2      | Killed Sigmund
   136 | D:2      | Reached skill level 1 in Short Blades
   136 | D:2      | Reached skill level 1 in Long Blades
   136 | D:2      | Reached skill level 1 in Maces & Flails
   136 | D:2      | Reached skill level 1 in Polearms
   136 | D:2      | Reached skill level 1 in Staves
   136 | D:2      | Reached skill level 1 in Slings
   136 | D:2      | Reached skill level 1 in Bows
   136 | D:2      | Reached skill level 1 in Crossbows
   136 | D:2      | Reached skill level 1 in Throwing
   136 | D:2      | Reached skill level 1 in Dodging
   136 | D:2      | Reached skill level 1 in Stealth
   136 | D:2      | Reached skill level 1 in Unarmed Combat
   136 | D:2      | Reached skill level 1 in Spellcasting
   136 | D:2      | Reached skill level 1 in Conjurations
   136 | D:2      | Reached skill level 1 in Hexes
   136 | D:2      | Reached skill level 1 in Charms
   136 | D:2      | Reached skill level 1 in Summonings
   136 | D:2      | Reached skill level 1 in Necromancy
   136 | D:2      | Reached skill level 1 in Translocations
   136 | D:2      | Reached skill level 1 in Transmutations
   136 | D:2      | Reached skill level 1 in Fire Magic
   136 | D:2      | Reached skill level 1 in Ice Magic
   136 | D:2      | Reached skill level 1 in Air Magic
   136 | D:2      | Reached skill level 1 in Earth Magic
   136 | D:2      | Reached skill level 1 in Poison Magic
   136 | D:2      | Reached skill level 1 in Invocations
   136 | D:2      | Reached skill level 1 in Evocations
   136 | D:2      | Reached XP level 3. HP: 28/35 MP: 2/5
   136 | D:2      | Reached XP level 4. HP: 33/41 MP: 2/6
   136 | D:2      | Reached XP level 5. HP: 38/47 MP: 2/7
   192 | D:2      | Found an iron altar of Okawaru.
   193 | D:2      | Found a sparkling altar of Nemelex Xobeh.
   238 | D:3      | Noticed Jessica
   241 | D:3      | Found a shattered altar of Ashenzari.
   247 | D:3      | Noticed letownia2's ghost (weakling MfWz)
   255 | D:3      | Killed Jessica
   255 | D:3      | Reached XP level 6. HP: 23/53 MP: 8/8
   263 | D:3      | Killed letownia2's ghost
   263 | D:3      | Reached skill level 2 in Invocations
   377 | D:5      | Entered Level 5 of the Dungeon
   377 | D:5      | Noticed Menkaure
   413 | D:5      | Reached skill level 2 in Short Blades
   413 | D:5      | Reached skill level 2 in Long Blades
   413 | D:5      | Reached skill level 5 in Axes
   413 | D:5      | Reached skill level 2 in Maces & Flails
   413 | D:5      | Reached skill level 2 in Polearms
   413 | D:5      | Reached skill level 2 in Staves
   413 | D:5      | Reached skill level 2 in Slings
   413 | D:5      | Reached skill level 2 in Bows
   413 | D:5      | Reached skill level 2 in Crossbows
   413 | D:5      | Reached skill level 2 in Throwing
   413 | D:5      | Reached skill level 2 in Dodging
   413 | D:5      | Reached skill level 2 in Stealth
   413 | D:5      | Reached skill level 2 in Unarmed Combat
   413 | D:5      | Reached skill level 2 in Spellcasting
   413 | D:5      | Reached skill level 2 in Evocations
   478 | D:6      | Noticed aMcNicky's ghost (novice GrEE)
   512 | D:6      | Noticed Dowan
   513 | D:6      | Noticed Duvessa
   527 | D:5      | Noticed Grinder
   527 | D:5      | Paralysed by Grinder for 5 turns
   539 | D:5      | Killed Grinder
   539 | D:5      | Reached skill level 7 in Fighting
   539 | D:5      | Reached skill level 7 in Armour
   539 | D:5      | Reached skill level 7 in Shields
   539 | D:5      | Reached skill level 2 in Conjurations
   539 | D:5      | Reached skill level 2 in Hexes
   539 | D:5      | Reached skill level 2 in Charms
   539 | D:5      | Reached skill level 2 in Summonings
   539 | D:5      | Reached skill level 2 in Necromancy
   539 | D:5      | Reached skill level 2 in Translocations
   539 | D:5      | Reached skill level 2 in Transmutations
   539 | D:5      | Reached skill level 2 in Fire Magic
   539 | D:5      | Reached skill level 2 in Ice Magic
   539 | D:5      | Reached skill level 2 in Air Magic
   539 | D:5      | Reached skill level 2 in Earth Magic
   539 | D:5      | Reached skill level 2 in Poison Magic
   539 | D:5      | Reached XP level 7. HP: 55/60 MP: 10/10
   596 | D:5      | Noticed Prince Ribbit
   612 | D:5      | Killed Prince Ribbit
   612 | D:5      | Reached skill level 3 in Invocations
   624 | D:5      | Learned a level 1 spell: Sandblast
   627 | D:5      | Learned a level 2 spell: Passwall
   647 | D:5      | Reached XP level 8. HP: 19/67 MP: 12/12
   790 | D:5      | Reached skill level 3 in Short Blades
   790 | D:5      | Reached skill level 3 in Long Blades
   790 | D:5      | Reached skill level 3 in Maces & Flails
   790 | D:5      | Reached skill level 3 in Polearms
   790 | D:5      | Reached skill level 3 in Staves
   790 | D:5      | Reached skill level 3 in Slings
   790 | D:5      | Reached skill level 3 in Bows
   790 | D:5      | Reached skill level 3 in Crossbows
   790 | D:5      | Reached skill level 3 in Throwing
   790 | D:5      | Reached skill level 3 in Dodging
   790 | D:5      | Reached skill level 3 in Stealth
   790 | D:5      | Reached skill level 3 in Unarmed Combat
   790 | D:5      | Reached skill level 3 in Spellcasting
   790 | D:5      | Reached skill level 3 in Evocations
   808 | D:5      | Found Orphigyc's Food Shoppe.
   983 | D:6      | Killed Duvessa
   985 | D:6      | Killed Dowan
   985 | D:6      | HP: 6/67 [poisoned by a scorpion]
  1032 | D:6      | Killed aMcNicky's ghost
  1032 | D:6      | Reached skill level 6 in Axes
  1032 | D:6      | Reached skill level 3 in Conjurations
  1032 | D:6      | Reached skill level 3 in Hexes
  1032 | D:6      | Reached skill level 3 in Charms
  1032 | D:6      | Reached skill level 3 in Summonings
  1032 | D:6      | Reached skill level 3 in Necromancy
  1032 | D:6      | Reached skill level 3 in Translocations
  1032 | D:6      | Reached skill level 3 in Transmutations
  1032 | D:6      | Reached skill level 3 in Fire Magic
  1032 | D:6      | Reached skill level 3 in Ice Magic
  1032 | D:6      | Reached skill level 3 in Air Magic
  1032 | D:6      | Reached skill level 3 in Earth Magic
  1032 | D:6      | Reached skill level 3 in Poison Magic
  1032 | D:6      | Reached skill level 4 in Invocations
  1032 | D:6      | Reached XP level 9. HP: 23/73 MP: 14/14
  1067 | D:6      | Found a runed door.
  1071 | D:6      | Noticed Crazy Yiuf
  1076 | D:6      | Killed Crazy Yiuf
  1112 | D:6      | Noticed Edmund
  1118 | D:6      | Killed Edmund
  1243 | D:7      | Reached skill level 4 in Short Blades
  1243 | D:7      | Reached skill level 4 in Long Blades
  1243 | D:7      | Reached skill level 4 in Maces & Flails
  1243 | D:7      | Reached skill level 4 in Polearms
  1243 | D:7      | Reached skill level 4 in Staves
  1243 | D:7      | Reached skill level 4 in Slings
  1243 | D:7      | Reached skill level 4 in Bows
  1243 | D:7      | Reached skill level 4 in Crossbows
  1243 | D:7      | Reached skill level 4 in Throwing
  1243 | D:7      | Reached skill level 4 in Dodging
  1243 | D:7      | Reached skill level 4 in Stealth
  1243 | D:7      | Reached skill level 4 in Unarmed Combat
  1243 | D:7      | Reached skill level 4 in Spellcasting
  1243 | D:7      | Reached skill level 4 in Evocations
  1366 | D:7      | Quit the game

Skill      XL: |  1  2  3  4  5  6  7  8  9 |
---------------+----------------------------+-----
Short Blades   | 1 2 3 4 |  4.1
Long Blades    | 1 2 3 4 |  4.1
Maces & Flails | 1 2 3 4 |  4.1
Polearms       | 1 2 3 4 |  4.1
Staves         | 1 2 3 4 |  4.1
Slings         | 1 2 3 4 |  4.1
Bows           | 1 2 3 4 |  4.1
Crossbows      | 1 2 3 4 |  4.1
Throwing       | 1 2 3 4 |  4.1
Dodging        | 1 2 3 4 |  4.1
Stealth        | 1 2 3 4 |  4.1
Unarmed Combat | 1 2 3 4 |  4.1
Spellcasting   | 1 2 3 4 |  4.1
Conjurations   | 1 2 3 |  3.4
Hexes          | 1 2 3 |  3.4
Charms         | 1 2 3 |  3.4
Summonings     | 1 2 3 |  3.4
Necromancy     | 1 2 3 |  3.4
Translocations | 1 2 3 |  3.4
Transmutations | 1 2 3 |  3.4
Fire Magic     | 1 2 3 |  3.4
Ice Magic      | 1 2 3 |  3.4
Air Magic      | 1 2 3 |  3.4
Earth Magic    | 1 2 3 |  3.4
Poison Magic   | 1 2 3 |  3.4
Invocations    | 1 2 3 4 |  4.5
Evocations     | 1 2 3 4 |  4.1
Axes           | 5 6 |  6.2
Fighting       | 7 |  7.8
Armour         | 7 |  7.8
Shields        | 7 |  7.8

Action                   |  1- 3 |  4- 6 |  7- 9 || total
-------------------------+-------+-------+-------++-------
Melee: War axe           |    31 |    99 |   136 ||   266
       Bite              |     2 |     8 |    22 ||    32
       Unarmed           |       |     4 |     2 ||     6
       Short sword       |       |       |     5 ||     5
       Flail             |       |       |    12 ||    12
       Dagger            |       |       |     5 ||     5
Throw: Stone             |       |     1 |       ||     1
 Abil: Evoke Berserk Rag |       |       |     1 ||     1
Evoke: Wand              |       |       |     6 ||     6
  Use: Potion            |     2 |     2 |     4 ||     8
       Scroll            |       |     2 |     1 ||     3
 Stab: Paralysed         |       |       |    10 ||    10
  Eat: Chunk             |       |       |     3 ||     3
Armor: Scale mail        |     3 |       |       ||     3
       Fire dragon scale |     4 |    47 |    71 ||   122
       Skin              |       |       |     1 ||     1
Dodge: Dodged            |    10 |    38 |    91 ||   139
Block: Shield            |    17 |    71 |   122 ||   210

Table legend:
 A = Turns spent in this place as a percentage of turns spent in the entire game.
 B = Non-inter-level travel turns spent in this place as a percentage of non-inter-level travel turns spent in the entire game.
 C = Inter-level travel turns spent in this place as a percentage of turns spent in this place.
 D = Turns resting spent in this place as a percentage of non-inter-level travel turns spent in this place.
 E = Turns spent auto-exploring this place as a percentage of non-inter-level travel turns spent in this place.
 F = Non-inter-level travel turns spent in this place divided by the number of levels of this place that you've seen.
                   A       B       C       D       E      F
               +-------+-------+-------+-------+-------+----------------------
         Total | 100.0 | 100.0 |   0.0 |   0.0 |   0.0 | 170.8
       Dungeon | 100.0 | 100.0 |   0.0 |   0.0 |   0.0 | 170.8
               +-------+-------+-------+-------+-------+----------------------

Table legend:
 A = Kills in this place as a percentage of kills in entire the game.
 B = Kills by you in this place as a percentage of kills by you in the entire game.
 C = Kills by friends in this place as a percentage of kills by friends in the entire game.
 D = Other kills in this place as a percentage of other kills in the entire game.
 E = Experience gained in this place as a percentage of experience gained in the entire game.
 F = Experience gained in this place divided by the number of levels of this place that you have seen.
                   A       B       C       D       E      F
               +-------+-------+-------+-------+-------+----------------------
         Total | 100.0 | 100.0 |   N/A |   N/A | 100.0 | 404.0
       Dungeon | 100.0 | 100.0 |   N/A |   N/A | 100.0 | 404.0
               +-------+-------+-------+-------+-------+----------------------

Vault maps used:
D:1:      minmay_arrival_solitary_statue, minmay_fountain_box,
          minmay_hexomino_r4
D:2:      nicolae_ru_path_of_blood, gammafunk_temple_overflow_statue,
          uniq_sigmund
D:3:      grunt_temple_overflow_lords_of_destruction, evilmike_ruin_ashenzari,
          old_standard_altar, tgw_trog, uniq_jessica
D:4:      first_ration
D:5:      lemuel_zombie_altar_kikubaaqudgha, serial_shops, shop_coins,
          uniq_pikel, uniq_grinder, uniq_prince_ribbit1, uniq_menkaure
D:6:      serial_shops, shop_statue, minmay_misc_feat_iff, bh_walls_and_bars,
          uniq_duvessa, uniq_crazy_yiuf_cottage, uniq_edmund
D:7:      nicolae_dithmenos_through_a_glass_darkly, minmay_temple_entry_poolview
D:8:      nicolae_overflow_hidden_temple, dpeg_oklobed_lair
